 Dungeon Crawl Stone Soup version 0.26.0-20-g3ca415f5b8 (webtiles) character file.

Game seed: 1629133048178424379

62632 BOMJPIETVODKU the Black Belt (level 14, -5/99 HPs)
             Began as a Demonspawn Monk on Jan 24, 2021.
             Was the Champion of Trog.
             Hit by a silver javelin thrown by a merfolk javelineer (10 damage)
             ... on level 3 of the Shoals on Jan 25, 2021.
             The game lasted 01:24:15 (23511 turns).

BOMJPIETVODKU the Black Belt (Demonspawn Monk)     Turns: 23511, Time: 01:24:18

Health: -5/99      AC: 29    Str: 19    XL:     14   Next: 65%
Magic:  0/14       EV: 10    Int: 13    God:    Trog [******]
Gold:   824        SH:  9    Dex: 26    Spells: 13/13 levels left

rFire    . . .     SeeInvis +     - Unarmed
rCold    . . .     Faith    .   P - +2 buckler
rNeg     . . .     Spirit   +   U - +0 plate armour {rPois}
rPois    +         Reflect  .   W - +1 helmet {SInv}
rElec    .         Harm     .   a - +2 cloak {Will+}
rCorr    .         Rampage  .   g - +1 pair of gloves {Str+3}
Will     ++...                  (boots unavailable)
Stlth    ..........             F - amulet of guardian spirit
HPRegen  0.26/turn              J - +6 ring of dexterity
MPRegen  0.14/turn              T - ring "Owop" {AC+4 Int+4 Dex+3}

@: studying Unarmed Combat, very slow
A: hooves 3, iridescent scales 2, demonic guardian 2, dopey 1, frail 1, spiny 1
a: Renounce Religion, Berserk, Trog's Hand, Brothers in Arms


You were on level 3 of the Shoals.
You worshipped Trog.
Trog was exalted by your worship.
You visited 4 branches of the dungeon, and saw 21 of its levels.
You also visited: Gauntlet.

You collected 1789 gold pieces.
You spent 965 gold pieces at shops.

Inventory:

Hand Weapons
 d - a +5 short sword of electrocution
 w - a +6 dire flail of protection
Armour
 a - a +2 cloak of willpower (worn)
 g - a +1 pair of gloves of strength (worn)
 P - a +2 buckler (worn)
 U - a +0 plate armour of poison resistance (worn)
 V - a +0 tower shield
 W - a +1 helmet of see invisible (worn)
 Y - a +0 chain mail of fire resistance
Jewellery
 o - an uncursed ring of protection from fire {unknown}
 y - an uncursed amulet of the acrobat
 D - an uncursed ring of resist corrosion
 E - an uncursed ring of willpower
 F - an amulet of guardian spirit (around neck)
 J - a +6 ring of dexterity (left hand)
 K - an uncursed ring of flight
 T - the ring "Owop" (right hand) {AC+4 Int+4 Dex+3}
   (You found it in a Gauntlet)

   [ring of protection]

   It affects your AC (+4).
   It affects your intelligence (+4).
   It affects your dexterity (+3).
Wands
 m - a wand of paralysis (11)
 p - a wand of iceblast (12)
 r - a wand of random effects (13)
 t - a wand of flame (92)
 C - a wand of disintegration (30)
 N - a wand of polymorph (22)
 Z - a wand of digging (4)
Scrolls
 e - 3 scrolls of magic mapping
 i - 4 scrolls of teleportation
 k - 6 scrolls of amnesia
 l - 7 scrolls of identify
 v - 3 scrolls of enchant armour
 B - 3 scrolls of enchant weapon
 G - 14 scrolls of remove curse
 M - a scroll of blinking {unknown}
 O - 3 scrolls of noise
 R - a scroll of fear
 X - a scroll of fog
Potions
 b - 4 potions of resistance
 c - 5 potions of berserk rage
 f - 2 potions of curing
 h - a potion of magic {unknown}
 j - 2 potions of lignification
 n - 7 potions of attraction
 q - 4 potions of flight
 s - 2 potions of brilliance {unknown}
 x - 3 potions of haste
 z - 3 potions of cancellation
 A - a potion of degeneration {unknown}
 H - 3 potions of mutation
 I - 3 potions of might {unknown}
 L - a potion of invisibility
 Q - 6 potions of ambrosia
Books
 u - a manual of Unarmed Combat


   Skills:
 * Level 10.0 Fighting
 + Level 8.1 Armour
 + Level 6.0 Dodging
 - Level 1.8 Stealth
 + Level 5.0 Shields
 * Level 18.1 Unarmed Combat
 * Level 9.3 Evocations


You had 13 spell levels left.
You didn't know any spells.
Your spell library was empty.

Dungeon Overview and Level Annotations

Branches:
Dungeon (13/15)            Temple (0/1) D:7            Lair (3/6) D:9
 Shoals (3/4) Lair:3          Orc (2/2) D:9             Elf (0/3) Orc:2
Gauntlet (visited)
  Snake: Lair:2-4    Spider: Lair:2-4    Vaults: D:13-14

Altars:
Cheibriados
Dithmenos
Kikubaaqudgha
Nemelex Xobeh
Ru
Trog
The Shining One
Beogh

Shops:
D:6 !   D:8 [   D:10 (([!=   Orc:1 ?   Orc:2 **=[(


Innate Abilities, Weirdness & Mutations

You have hooves in place of feet.
You are mostly covered in iridescent scales. (AC +4)
A demonic guardian rushes to your aid.
You are partially covered in sharp spines.
You are dopey. (Int -2)
You are frail. (-10% HP)


Message History

You feel better.
The merfolk javelineer throws a silver javelin.
The silver javelin pierces through you but does no damage.
The silver sears you!
* * * LOW HITPOINT WARNING * * *
You hear a splash.
You punch the merfolk javelineer!
The merfolk javelineer is severely wounded.
The merfolk javelineer throws a silver javelin.
The silver javelin barely misses you.
You hear a splash.
Your unstable footing causes you to fumble your attack.
You punch the merfolk javelineer!
Your kick misses the merfolk javelineer.
The merfolk javelineer is almost dead.
The merfolk javelineer throws a silver javelin.
The silver javelin pierces through you!!
* * * LOW HITPOINT WARNING * * *
The silver sears you!
You die...

........>### ###P.P..PPP
.......≈.## ##...≈P≈≈
..........## #./P≈≈≈
#..........### #.≈≈≈≈
#...)..≈≈≈≈..#######..≈≈≈
#......≈≈≈≈≈≈.(≈(...≈≈P≈≈
#.....≈≈≈≈≈≈≈(≈≈≈..≈≈≈≈≈
#.....≈≈≈≈≈.≈≈≈≈)....≈≈≈
#(....≈≈≈≈....≈≈@≈≈≈≈≈≈≈
#.≈≈≈≈≈≈≈≈##..≈≈m>≈≈≈≈≈≈
≈.≈≈≈≈≈≈≈≈...^≈≈≈≈≈≈≈≈≈≈
≈≈≈≈≈≈≈≈≈≈≈≈≈≈≈.≈≈≈≈≈≈≈≈
)≈≈≈≈≈≈≈≈≈≈≈≈≈....≈≈≈≈≈≈
≈≈≈≈≈≈≈≈≈≈≈≈≈..###.≈≈≈≈≈
≈≈≈≈≈≈≈≈≈≈≈≈(.. #.≈≈≈≈
≈≈≈≈≈≈≈≈≈≈≈≈≈.. ≈≈≈≈≈
≈≈≈≈≈≈≈≈≈


You could see a merfolk javelineer.

Vanquished Creatures
  2 stone giants (Shoals:1)
  2 minotaurs
  A fire dragon (Lair:1)
  A merfolk impaler (Shoals:3)
  Erolcha (D:10)
  A hell beast (Gauntlet)
  A hydra (Lair:1)
  A two-headed ogre (D:9)
  An orc high priest (Orc:2)
  Urug (D:11)
  The ghost of Armakuni the Grappler, a novice TrIE of Gozag (D:9)
  3 sea snakes
  An unseen horror (D:12)
  Pikel (D:9)
  A wolf spider (Gauntlet)
  3 orc knights
  5 harpies
  4 fauns
  An orc sorcerer (Orc:2)
  A cyclops (D:11)
  7 manticores
  A black mamba (Lair:2)
  Maurice (D:9)
  7 merfolk sirens
  5 cane toads
  4 komodo dragons
  A harpy zombie (D:13)
  A queen bee (D:12)
  A meliai (D:12)
  A wind drake (Shoals:1)
  5 trolls
  A polar bear (Lair:2)
  6 merfolk
  A hornet (D:12)
  6 snapping turtles
  A shadow (D:11)
  2 wraiths
  A redback (Gauntlet)
  A water elemental (Shoals:2)
  2 fire bats (Lair:1)
  24 yaks
  2 basilisks
  Eustachio (D:5)
  2 neqoxecs (D:9)
  A steam dragon (D:8)
  4 vampire mosquitoes (D:11)
  Edmund (D:5)
  Menkaure (D:5)
  A hell hound (Gauntlet)
  A soldier ant (D:11)
  6 water moccasins
  4 small abominations (Gauntlet)
  10 orc warriors
  2 ice beasts
  2 phantoms
  3 sky beasts
  3 black bears
  An eye of draining (D:9)
  A necrophage (D:10)
  9 wolves
  A tengu (shapeshifter) (D:12)
  3 centaurs
  10 ogres
  A big kobold (shapeshifter) (D:9)
  3 big kobolds
  9 bullfrogs
  2 scorpions
  21 killer bees
  15 wights
  4 howler monkeys
  A bullfrog zombie (D:12)
  2 centaur zombies
  10 orc priests
  6 jellies
  2 hounds
  2 bullfrog skeletons
  3 centaur skeletons
  An iron imp (D:9)
  15 orc wizards
  4 iguanas
  12 worker ants
  A killer bee zombie (D:9)
  A hound zombie (D:8)
  A hound skeleton (D:9)
  A howler monkey zombie (D:8)
  A worker ant zombie (D:7)
  11 gnolls
  An adder (shapeshifter) (D:9)
  11 adders
  2 shadow imps (D:11)
  A white imp (D:8)
  2 oozes (D:3)
  3 adder zombies
  2 adder skeletons
  5 worms
  8 leopard geckos
  53 orcs
  3 ball pythons
  13 bats
  3 giant cockroaches
  5 goblins
  6 hobgoblins
  34 kobolds
  6 quokkas
  A ball python (shapeshifter) (D:9)
  6 frilled lizards
  4 kobold skeletons (D:11)
  13 kobold zombies (D:11)
  2 quokka zombies (D:5)
  5 rats
499 creatures vanquished.

Vanquished Creatures (collateral kills)
  Gastronok (D:11)
  An orc warlord (Orc:2)
  An entropy weaver (Gauntlet)
  A merfolk javelineer (Shoals:1)
  A boulder beetle (D:11)
  Harold (D:9)
  2 hydras
  A two-headed ogre (D:9)
  The ghost of sipior the Zephyrmancer, a novice TeAE of Vehumet (Lair:1)
  Nergalle (D:11)
  A fire crab (shapeshifter) (D:12)
  A skeletal warrior (D:12)
  A deep elf archer (D:12)
  An orc knight (Orc:2)
  5 harpies
  5 ugly things (D:9)
  An orc sorcerer (Orc:2)
  A cyclops (D:12)
  2 manticores (Shoals:3)
  5 fauns
  An elephant (Lair:1)
  A water nymph (Shoals:1)
  A black mamba (Lair:3)
  2 komodo dragons (Lair:1)
  2 meliai (D:12)
  A jumping spider (Gauntlet)
  3 merfolk
  2 wind drakes (Shoals:1)
  A snapping turtle (Shoals:1)
  5 blink frogs (Lair:2)
  A fire bat (Lair:1)
  A water elemental (Shoals:2)
  8 yaks
  A warg (Orc:2)
  A water moccasin (Lair:1)
  7 orc warriors (Orc:2)
  A black bear (D:11)
  2 ogres
  A boggart (D:12)
  3 wolves (Lair:3)
  A lemure (D:9)
  2 bullfrogs
  5 killer bees (D:12)
  3 orc priests
  3 orc wizards (Orc:2)
  3 orcs
96 creatures vanquished.

Vanquished Creatures (others)
  An unseen horror (D:10)
  An orc wizard (D:12)
  A dart slug (shapeshifter) (D:9)
  An orc (D:12)
  14 fungi
  27 plants
45 creatures vanquished.

Grand Total: 640 creatures vanquished

Notes
Turn   | Place    | Note
-------+----------+-------------------------------------------
     0 | D:1      | BOMJPIETVODKU the Demonspawn Monk began the quest for the
                  | Orb.
     0 | D:1      | Reached XP level 1. HP: 18/18 MP: 1/1
   363 | D:1      | Gained mutation: You are partially covered in iridescent
                  | scales. (AC +2) [demonic ancestry]
   363 | D:1      | Reached XP level 2. HP: 24/24 MP: 2/2
   627 | D:1      | Reached skill level 3 in Unarmed Combat
  1386 | D:2      | Gained mutation: You are mostly covered in iridescent
                  | scales. (AC +4) [demonic ancestry]
  1386 | D:2      | Reached XP level 3. HP: 29/29 MP: 3/3
  2005 | D:2      | Found a bloodstained altar of Trog.
  2112 | D:2      | Gained mutation: You are partially covered in sharp spines.
                  | [demonic ancestry]
  2112 | D:2      | Reached XP level 4. HP: 34/35 MP: 4/4
  2478 | D:3      | Reached skill level 1 in Armour
  2679 | D:3      | Reached skill level 4 in Unarmed Combat
  2863 | D:3      | Found a faded altar of an unknown god.
  2917 | D:3      | Became a worshipper of Trog the Wrathful
  2917 | D:3      | Reached * piety under Trog
  2917 | D:3      | Reached ** piety under Trog
  3005 | D:3      | Gained mutation: You have large cloven feet. [demonic
                  | ancestry]
  3005 | D:3      | Reached XP level 5. HP: 28/41 MP: 5/5
  3705 | D:4      | Noticed an ogre
  3705 | D:4      | Noticed a centaur
  3712 | D:4      | Killed an ogre
  3712 | D:4      | Reached *** piety under Trog
  3713 | D:4      | Reached skill level 5 in Unarmed Combat
  3718 | D:4      | Killed a centaur
  3719 | D:4      | Gained mutation: A weak demonic guardian rushes to your
                  | aid. [demonic ancestry]
  3719 | D:4      | Reached XP level 6. HP: 48/48 MP: 6/6
  3927 | D:4      | Found a glowing golden altar of the Shining One.
  4475 | D:5      | Entered Level 5 of the Dungeon
  4475 | D:5      | Noticed Edmund
  4533 | D:5      | Found a sacrificial altar of Ru.
  4554 | D:5      | Killed Edmund
  4555 | D:5      | Reached skill level 6 in Unarmed Combat
  4555 | D:5      | Gained mutation: You have hoof-like feet. [demonic
                  | ancestry]
  4555 | D:5      | Reached XP level 7. HP: 54/54 MP: 7/7
  4686 | D:5      | Noticed Eustachio
  4699 | D:5      | Killed Eustachio
  4700 | D:5      | Reached skill level 1 in Evocations
  4853 | D:5      | Got a brightly glowing leather armour
  4860 | D:5      | Identified the +1 leather armour of Sunewk {rPois rF-
                  | Stlth+} (You found it on level 5 of the Dungeon)
  4899 | D:5      | Reached skill level 7 in Unarmed Combat
  5025 | D:5      | Noticed Menkaure
  5027 | D:5      | Killed Menkaure
  5028 | D:5      | Reached XP level 8. HP: 61/61 MP: 8/8
  6138 | D:6      | Found Iluwonif's Distillery.
  6143 | D:6      | Bought a potion of flight for 39 gold pieces
  6143 | D:6      | Bought a potion of haste for 130 gold pieces
  6143 | D:6      | Bought a potion of invisibility for 104 gold pieces
  6535 | D:7      | Found a staircase to the Ecumenical Temple.
  6552 | D:7      | Reached **** piety under Trog
  6569 | D:7      | Reached skill level 8 in Unarmed Combat
  6574 | D:7      | Reached skill level 5 in Fighting
  6931 | D:8      | Gained mutation: You have hooves in place of feet. [demonic
                  | ancestry]
  6931 | D:8      | Reached XP level 9. HP: 45/68 MP: 9/9
  7340 | D:8      | Reached skill level 9 in Unarmed Combat
  7378 | D:8      | Found a shadowy altar of Dithmenos.
  7790 | D:8      | Found Puobb's Armour Emporium.
  7918 | D:9      | Noticed Harold
  8557 | D:9      | Noticed Maurice
  8571 | D:9      | Killed Maurice
  8579 | D:9      | Noticed a two-headed ogre
  8687 | D:9      | Reached skill level 10 in Unarmed Combat
  8689 | D:9      | Killed a two-headed ogre
  8690 | D:9      | Gained mutation: A demonic guardian rushes to your aid.
                  | [demonic ancestry]
  8690 | D:9      | Reached XP level 10. HP: 76/76 MP: 10/10
  8935 | D:9      | Found a runed translucent gate.
  8935 | D:9      | Found a runed translucent gate.
  8935 | D:9      | Found a runed translucent gate.
  8935 | D:9      | Noticed a purple ugly thing
  8935 | D:9      | Noticed a red ugly thing
  8936 | D:9      | Noticed a green ugly thing
  8936 | D:9      | Noticed a purple ugly thing
  8936 | D:9      | Noticed a brown ugly thing
  9109 | D:9      | Noticed a two-headed ogre
  9113 | D:9      | Noticed Pikel
  9118 | D:9      | Killed a two-headed ogre
  9119 | D:9      | Reached skill level 5 in Armour
  9125 | D:9      | Killed Pikel
  9126 | D:9      | Reached skill level 11 in Unarmed Combat
  9190 | D:9      | Found a staircase to the Lair.
  9250 | D:9      | Killed Harold
  9301 | D:9      | Found a staircase to the Orcish Mines.
  9330 | D:9      | Reached ***** piety under Trog
 10108 | D:9      | Found a sparkling altar of Nemelex Xobeh.
 10179 | D:9      | Found a snail-covered altar of Cheibriados.
 10355 | D:9      | Found a runed translucent gate.
 10355 | D:9      | Found a runed translucent gate.
 10358 | D:9      | Killed a red ugly thing
 10359 | D:9      | Killed a green ugly thing
 10360 | D:9      | Reached skill level 5 in Evocations
 10361 | D:9      | Noticed a salamander
 10361 | D:9      | Noticed Armakuni's ghost (novice TrIE)
 10363 | D:9      | Found a runed translucent gate.
 10365 | D:9      | Killed a red ugly thing
 10366 | D:9      | Killed a green ugly thing
 10369 | D:9      | Noticed a black mamba
 10369 | D:9      | a spriggan changed into a black mamba
 10372 | D:9      | HP: 1/77 [cyan ugly thing (13)]
 10375 | D:9      | Killed a cyan ugly thing
 10908 | D:9      | Reached XP level 11. HP: 79/83 MP: 11/11
 10914 | D:9      | Killed Armakuni's ghost
 10915 | D:9      | Reached skill level 12 in Unarmed Combat
 10939 | D:9      | Got a heavily jewelled robe
 10949 | D:9      | Gained mutation: You are dopey. (Int -2) [mutagenic glow]
 10973 | D:9      | Gained mutation: You are frail. (-10% HP) [mutagenic glow]
 11019 | D:9      | Identified the cursed +0 robe of Wisdom {Int+2} (You found
                  | it on level 9 of the Dungeon)
 11051 | D:10     | Entered Level 10 of the Dungeon
 11115 | D:10     | Killed an unseen horror
 11556 | D:10     | Found Ruph's Weapon Shoppe.
 11667 | D:10     | Noticed Erolcha
 11677 | D:10     | Killed Erolcha
 11812 | D:10     | Found Mahupa Lora's Antique Weapon Emporium.
 11814 | D:10     | Found Peot's Antique Armour Shoppe.
 11845 | D:10     | Found Nyrywn Ledy's Jewellery Shoppe.
 11882 | D:10     | Bought a runed buckler for 225 gold pieces
 11986 | D:10     | Found Olliuthroese's Distillery.
 12403 | D:11     | Reached skill level 13 in Unarmed Combat
 12484 | D:11     | Noticed a boulder beetle
 12497 | D:11     | Killed a boulder beetle
 12611 | D:11     | Noticed an eight-headed hydra
 12615 | D:11     | Killed an eight-headed hydra
 12616 | D:11     | Reached skill level 5 in Dodging
 12660 | D:11     | Noticed Gastronok
 12667 | D:11     | Killed Gastronok
 12669 | D:11     | Reached skill level 1 in Shields
 12838 | D:11     | Noticed Nergalle
 12847 | D:11     | Killed Nergalle
 12852 | D:11     | Reached XP level 12. HP: 82/82 MP: 12/12
 13511 | D:11     | Identified a scroll of acquirement
 13511 | D:11     | Acquired a +1 pair of gloves of strength
 13757 | D:11     | Noticed Urug
 13767 | D:11     | Killed Urug
 13848 | D:11     | Found an ancient bone altar of Kikubaaqudgha.
 13855 | D:11     | Received a gift from Trog
 14196 | D:12     | Noticed a four-headed hydra
 14205 | D:12     | Killed a four-headed hydra
 14206 | D:12     | Reached skill level 14 in Unarmed Combat
 15742 | Orc:1    | Entered Level 1 of the Orcish Mines
 15975 | Orc:2    | Entered Level 2 of the Orcish Mines
 16006 | Orc:2    | Found Doposm's Assorted Antiques.
 16049 | Orc:2    | Bought a shiny helmet for 187 gold pieces
 16049 | Orc:2    | Bought a scroll labelled JUROXI VONK for 25 gold pieces
 16257 | Orc:2    | Reached ****** piety under Trog
 16312 | Orc:2    | Noticed an orc warlord
 16341 | Orc:2    | Killed an orc warlord
 16342 | Orc:2    | Reached XP level 13. HP: 16/89 MP: 13/13
 16676 | Orc:2    | Found a roughly hewn altar of Beogh.
 16684 | Orc:2    | Reached skill level 15 in Unarmed Combat
 16939 | Orc:2    | Found Norym's Antique Armour Shoppe.
 16945 | Orc:2    | Bought a shiny helmet for 255 gold pieces
 16967 | Orc:2    | Found Puxux's Antique Weapon Shoppe.
 16985 | Orc:2    | Found Bobaiphajisa's Jewellery Shoppe.
 17001 | Orc:2    | Found Wiuzi's General Store.
 17225 | Orc:2    | Found a staircase to the Elven Halls.
 17262 | Orc:2    | Found a roughly hewn altar of Beogh.
 17540 | Orc:1    | Found Duskid's Magic Scroll Shoppe.
 17956 | Lair:1   | Entered Level 1 of the Lair of Beasts
 18117 | Lair:1   | Received a gift from Trog
 18278 | Lair:1   | Noticed a minotaur
 18278 | Lair:1   | Noticed sipior's ghost (novice TeAE)
 18282 | Lair:1   | Found a gate leading to a gauntlet.
 18291 | Gauntlet | Entered a Gauntlet
 18291 | Gauntlet | Found a transporter.
 18291 | Gauntlet | Found a transporter.
 18297 | Gauntlet | Found a transporter.
 18297 | Gauntlet | Found a transporter.
 18304 | Gauntlet | Noticed an entropy weaver
 18309 | Gauntlet | Found a transporter.
 18316 | Gauntlet | Found a transporter.
 18324 | Gauntlet | Found a transporter.
 18324 | Gauntlet | Found a transporter.
 18351 | Gauntlet | Found a transporter.
 18389 | Gauntlet | Found a transporter.
 18404 | Gauntlet | Found a transporter.
 18417 | Gauntlet | Noticed a reaper
 18424 | Gauntlet | Found a transporter.
 18511 | Gauntlet | Found a transporter.
 18527 | Gauntlet | Found a transporter.
 18529 | Gauntlet | Found a large runed translucent door.
 18529 | Gauntlet | Found a large runed translucent door.
 18530 | Gauntlet | Found a large runed translucent door.
 18530 | Gauntlet | Found a large runed translucent door.
 18531 | Gauntlet | Found a large runed translucent door.
 18531 | Gauntlet | Found a large runed translucent door.
 18531 | Gauntlet | Found a runed translucent door.
 18531 | Gauntlet | Found a runed translucent door.
 18531 | Gauntlet | Found a large runed translucent door.
 18531 | Gauntlet | Found a large runed translucent door.
 18532 | Gauntlet | Found a large runed translucent door.
 18532 | Gauntlet | Found a large runed translucent door.
 18536 | Gauntlet | Found a large runed translucent door.
 18536 | Gauntlet | Found a large runed translucent door.
 18537 | Gauntlet | Found a large runed translucent door.
 18537 | Gauntlet | Found a large runed translucent door.
 18537 | Gauntlet | Found a large runed translucent door.
 18537 | Gauntlet | Found a large runed translucent door.
 18540 | Gauntlet | Found a runed translucent gate.
 18540 | Gauntlet | Found a runed translucent gate.
 18540 | Gauntlet | Found a runed translucent gate.
 18542 | Gauntlet | Found a transporter.
 18555 | Gauntlet | Found a transporter.
 18663 | Gauntlet | Got a pitted quarterstaff
 18669 | Gauntlet | Identified the +6 quarterstaff of Fusudad {freeze, Str+6
                  | SInv Stlth+} (You found it in a Gauntlet)
 18732 | Gauntlet | Killed an entropy weaver
 18753 | Gauntlet | Got a twitching lapis lazuli ring
 18759 | Gauntlet | Identified the ring "Owop" {AC+4 Int+4 Dex+3} (You found it
                  | in a Gauntlet)
 19000 | Gauntlet | Noticed a minotaur
 19010 | Gauntlet | Killed a minotaur
 19117 | Lair:1   | Found a runed translucent gate.
 19123 | Lair:1   | Found a runed translucent gate.
 19124 | Lair:1   | Found a runed translucent gate.
 19259 | Lair:1   | Noticed a fire dragon
 19271 | Lair:1   | Killed a fire dragon
 19513 | Lair:1   | Got a twisted plate armour
 19527 | Lair:1   | Identified the +7 plate armour of Agipot {Harm rF+ rN+
                  | Regen+ Str-4} (You found it on level 1 of the Lair of
                  | Beasts)
 20058 | Lair:1   | Killed sipior's ghost
 20064 | Lair:1   | Killed a minotaur
 20240 | Lair:2   | Reached skill level 16 in Unarmed Combat
 20990 | Lair:3   | Found a staircase to the Shoals.
 21001 | Shoals:1 | Entered Level 1 of the Shoals
 21074 | Shoals:1 | Noticed a merfolk javelineer
 21084 | Shoals:1 | Reached XP level 14. HP: 77/97 MP: 9/14
 21945 | Shoals:1 | Reached skill level 17 in Unarmed Combat
 22096 | Shoals:1 | Noticed a stone giant
 22096 | Shoals:1 | Noticed a stone giant
 22112 | Shoals:1 | Killed a stone giant
 22120 | Shoals:1 | Killed a stone giant
 23108 | Shoals:2 | Received a gift from Trog
 23268 | Shoals:2 | You fall into a shaft and drop 1 floor!
 23273 | Shoals:3 | Reached skill level 5 in Shields
 23274 | Shoals:3 | Reached skill level 10 in Fighting
 23278 | Shoals:3 | Reached skill level 18 in Unarmed Combat
 23511 | Shoals:3 | Hit by a silver javelin thrown by a merfolk javelineer

Illustrated notes

Levels and vault maps discovered:
D:1:      ncdulo_lavacross, layout_basic, hangedman_decor_opposing
D:2:      layout_basic, overflow_temple_1_default
D:3:      layout_loops_corners, chequers_ecumenical_altar_simple
D:4:      layout_basic, tso_altar
D:5:      layout_cave_pools, nicolae_ru_awakened_eye, uniq_menkaure,
          uniq_edmund, uniq_eustachio
D:6:      layout_basic, serial_shops, kennysheep_little_box,
          grunt_ministairs_10, amethyst_killhole, grunt_decor_resistance
D:7:      layout_rooms, minmay_temple_entry_large_hall
D:8:      layout_cave_pods, lemuel_coloured_pillars_altar, serial_shops,
          nicolae_shop_waterfront, lemuel_old_faithful
D:9:      minmay_clustersquares, layout_irregular_city,
          nemelex_xobeh_ov_fountains_minmay, slow_altar_2, dpeg_oklobed_lair,
          orc_0_dummy, ploomutoo_gammafunk_ghost_potion_laboratory,
          amcnicky_mini_corridor_feature, minmay_starry_boxes, uniq_harold,
          uniq_maurice, uniq_pikel
D:10:     layout_roguey, serial_shops, shop, shop, shop, shop,
          nicolae_shop_trees, uniq_erolcha
D:11:     wander_kiku_kobolds, layout_basic, uniq_gastronok, uniq_urug,
          uniq_nergalle
D:12:     minmay_blocky_corners, layout_rooms, special_room [special_room_bee]
D:13:     layout_basic, david_vaults_1, uniq_azrael, uniq_frances
Lair:1:   dragon1_lemuel, layout_loops_ring, nicolae_volcano_entry_batcave,
          maelrawn_ghost_gauntlet_escape, gauntlet_entry_generic,
          lemuel_fruit_fields, serial_bayou_shore_a, infiniplex_staircase_pool_2
Lair:2:   layout_roguey
Lair:3:   layout_hall_layers, minmay_shoals_entry_hut,
          minmay_snake_entry_spellcaster, pf_torpor_hydra
Shoals:1: layout_shoals, st_sunken_temple
Shoals:2: layout_shoals
Shoals:3: layout_shoals, gammafunk_ghost_necromancy,
          nicolae_shoals_hunting_party, uniq_ilsuiw, uniq_jorgrun
Orc:1:    layout_diamond_mine, serial_shops, shop, abandoned_shop,
          mines_bat_river
Orc:2:    grunt_orc_cross, layout_caves, serial_shops, shop, mines2_david

Skill      XL: |  1  2  3  4  5  6  7  8  9 10 11 12 13 14 |
---------------+-------------------------------------------+-----
Unarmed Combat | 3 4 5 6 7 8 10 11 13 14 16 18 | 18.1
Dodging        | 3 4 5 6 |  6.0
Armour         | 1 2 3 4 5 6 7 8 |  8.1
Fighting       | 4 5 6 7 8 9 10 | 10.0
Evocations     | 1 2 4 5 6 7 8 9 |  9.3
Shields        | 1 3 4 5 |  5.0
Stealth        | |  1.8

Action                   |  1- 3 |  4- 6 |  7- 9 | 10-12 | 13-15 || total
-------------------------+-------+-------+-------+-------+-------++-------
Melee: Unarmed           |   138 |   129 |   178 |   599 |   463 ||  1507
       Punch             |     1 |     4 |     7 |    16 |       ||    28
       Kick              |       |    21 |    56 |   269 |   229 ||   575
Invok: Berserk           |       |     2 |     3 |    10 |     5 ||    20
       Trog's Hand       |       |       |       |     5 |     3 ||     8
       Brothers in Arms  |       |       |       |     3 |     5 ||     8
Evoke: Wand              |       |     1 |    18 |     9 |     4 ||    32
  Use: Scroll            |       |       |     6 |    21 |     2 ||    29
       Potion            |       |       |       |     9 |     5 ||    14
 Stab: Sleeping          |       |       |     1 |     2 |     1 ||     4
       Distracted        |       |       |       |     3 |     8 ||    11
Armor: Chain mail        |   107 |    53 |       |       |       ||   160
       Ring mail         |       |    10 |    62 |   149 |    12 ||   233
       Plate armour      |       |       |       |       |   262 ||   262
Dodge: Dodged            |    50 |    36 |   109 |   382 |   208 ||   785
Block: Buckler           |       |       |       |   140 |   197 ||   337
